 Dungeon Crawl Stone Soup version 0.27-a0-1154-gfdeffcb720 (webtiles) character file.

Game seed: 17803474771278858209

361 HoaS the Ruffian (level 6, -1/55 HPs)
             Began as a Troll Hunter on May 14, 2021.
             Slain by Sigmund
             ... wielding a +0 scythe
              (10 damage)
             ... on level 4 of the Dungeon.
             The game lasted 00:08:27 (2823 turns).

HoaS the Ruffian (Troll Hunter)                     Turns: 2823, Time: 00:08:28

Health: -1/55      AC:  4    Str: 22    XL:     6   Next: 38%
Magic:  5/5        EV:  9    Int:  7    God:
Gold:   103        SH:  0    Dex: 11    Spells: 5/5 levels left

rFire    . . .     SeeInvis .     - Unarmed
rCold    . . .     Faith    .   (no shield)
rNeg     . . .     Spirit   .   b - +0 robe
rPois    .         Reflect  .   (helmet restricted)
rElec    .         Harm     .   (no cloak)
rCorr    .         Rampage  .   (gloves unavailable)
Will     .....                  (boots unavailable)
Stlth    +.........             (no amulet)
HPRegen  1.18/turn              (no ring)
MPRegen  0.09/turn              (no ring)

@: no status effects
A: large, unfitting armour, claws 3, regeneration 1, shaggy fur 1, tough skin 1
a: no special abilities


You were on level 4 of the Dungeon.
You visited 1 branch of the dungeon, and saw 4 of its levels.

You collected 103 gold pieces.

Inventory:

Missiles
 c - 5 large rocks (quivered)
 d - 3 throwing nets
 g - 40 poisoned darts
Armour
 b - a +0 robe (worn)
Jewellery
 k - an amulet of regeneration
Wands
 h - a wand of iceblast (4)
 m - a wand of flame (27)
Scrolls
 a - a scroll of fog
 f - 2 scrolls of summoning
 l - a scroll of identify
 n - a scroll of blinking {unknown}
 p - a scroll of holy word {unknown}
Potions
 e - a potion of ambrosia
 j - a potion of lignification
 o - a potion of invisibility {unknown}


   Skills:
 - Level 1.6 Fighting
 - Level 3.6 Throwing
 - Level 1.6 Dodging
 - Level 0.4 Stealth
 + Level 6.4 Unarmed Combat


You had 5 spell levels left.
You didn't know any spells.
Your spell library contained the following spells:

 Spells                   Type           Power      Damage    Failure   Level
 Magic Dart               Conj           0%         1d3       43%         1
 Blink                    Tloc           N/A        N/A       56%         2
 Call Imp                 Summ           0%         N/A       56%         2
 Slow                     Hex            0%         N/A       56%         2
 Conjure Flame            Conj/Fire      0%         6-21      80%         3
 Mephitic Cloud           Conj/Pois/Air  0%         N/A       80%         3


Dungeon Overview and Level Annotations

Branches:
Dungeon (4/15)
 Temple: D:4-7

Altars:
Cheibriados
Elyvilon
Nemelex Xobeh
Ru
Sif Muna
Vehumet
Xom
Zin

Shops:
D:4 :

Annotations:
D:4 Sigmund


Innate Abilities, Weirdness & Mutations

You are too large for most types of armour.
You have claws for hands.
Your natural rate of healing is unusually fast.
You are covered in fur. (AC +1)
You have tough skin. (AC +1)


Message History

Sigmund shouts!
Sigmund is nearby!
Sigmund is nearby!
Sigmund hits you from afar with a +0 scythe.
Sigmund barely misses you.
You barely miss Sigmund. Sigmund gestures at you while chanting.
The magic dart hits you!
You barely miss Sigmund. You closely miss Sigmund. Your claw misses Sigmund.
Sigmund casts a spell at you. The magic dart hits you!
You barely miss Sigmund. Sigmund hits you with a +0 scythe!
You scratch Sigmund but do no damage.
Sigmund says, "Your kind have come here before.
I understand now why.
You desire death..."
Sigmund closely misses you.
You closely miss Sigmund. Sigmund says, "I'm your fate."
Sigmund hits you with a +0 scythe!
You closely miss Sigmund. Sigmund barely misses you.
You scratch Sigmund.
Sigmund is lightly wounded.
Sigmund casts a spell at you. You resist with some effort.
You barely miss Sigmund.
Sigmund is lightly wounded.
Sigmund gestures at himself while chanting.
Sigmund flickers and vanishes!
Deactivating autopickup; reactivate with Ctrl-A.
You scratch something. Something hits you!
You closely miss something.
You feel better. Something hits you.
You barely miss something. You claw something. Something hits you!
You miss something.
You hear some strange, mumbled words.
A magic dart appears from out of thin air!
The magic dart hits you!
* * * LOW HITPOINT WARNING * * *
You completely miss something. Something hits you!
You die...

..'.......≈≈≈P♣
........
###>.......≈PP≈≈≈≈.
###.#...
##.......##.(PP≈
##.. ##.....##
#.#.P ##. ##...##
.... #.. ##+## #.#
#.###. ##### #.#
#.# #.....
#...###.### #{#
#####. .....##...##
#@# #.
...........#####.#
#.
.................#
#.
............######
## ............#
...........##
.....##...##
.....###### ######


There were no monsters in sight!

Vanquished Creatures
  2 ogres (D:4)
  2 jellies (D:3)
  Terence (D:3)
  2 adders (D:3)
  2 worms
  A dart slug (D:2)
  4 orcs (D:3)
  2 ball pythons (D:1)
  4 bats
  11 endoplasms
  5 giant cockroaches
  3 goblins
  8 hobgoblins
  4 jackals (D:4)
  2 quokkas
  A frilled lizard (D:1)
  16 kobolds
  6 rats
76 creatures vanquished.

Vanquished Creatures (collateral kills)
  A rat (D:2)
1 creature vanquished.

Vanquished Creatures (others)
  2 fungi (D:3)
  10 toadstools (D:3)
12 creatures vanquished.

Grand Total: 89 creatures vanquished

Notes
Turn   | Place    | Note
-------+----------+-------------------------------------------
     0 | D:1      | HoaS the Troll Hunter began the quest for the Orb.
     0 | D:1      | Reached XP level 1. HP: 19/19 MP: 0/0
    51 | D:1      | Reached skill level 1 in Unarmed Combat
    94 | D:1      | Reached XP level 2. HP: 25/27 MP: 1/1
   259 | D:1      | Found a faded altar of an unknown god.
   346 | D:1      | Reached skill level 2 in Unarmed Combat
   725 | D:2      | Reached XP level 3. HP: 29/33 MP: 2/2
   987 | D:2      | Reached skill level 3 in Unarmed Combat
  1282 | D:3      | Noticed Terence
  1291 | D:3      | Killed Terence
  1292 | D:3      | Reached XP level 4. HP: 41/41 MP: 3/3
  1363 | D:3      | Reached skill level 4 in Unarmed Combat
  1615 | D:3      | Reached XP level 5. HP: 37/48 MP: 4/4
  1624 | D:3      | Reached skill level 5 in Unarmed Combat
  1828 | D:3      | Found a snail-covered altar of Cheibriados.
  2261 | D:4      | Noticed an ogre
  2276 | D:4      | Killed an ogre
  2277 | D:4      | Reached XP level 6. HP: 48/55 MP: 5/5
  2362 | D:4      | Found Ycrutsek's Book Shop.
  2559 | D:4      | Found a shimmering blue altar of Sif Muna.
  2600 | D:4      | Found a glowing silver altar of Zin.
  2607 | D:4      | Found a radiant altar of Vehumet.
  2608 | D:4      | Found a white marble altar of Elyvilon.
  2609 | D:4      | Found a sacrificial altar of Ru.
  2609 | D:4      | Found a sparkling altar of Nemelex Xobeh.
  2611 | D:4      | Found a shimmering altar of Xom.
  2790 | D:4      | Reached skill level 6 in Unarmed Combat
  2806 | D:4      | Noticed Sigmund
  2823 | D:4      | Slain by Sigmund

Illustrated notes

Levels and vault maps discovered:
D:1:      psy_arrival_conway, layout_rooms, basic_ecumenical_altar,
          minmay_door_square, minmay_tree_intersection, minivault_24
D:2:      layout_basic, chequers_arboretum
D:3:      cheibrodos_fertilizer, layout_basic, cheibrodos_worm_habitat,
          serial_park_tiny_1, uniq_terence
D:4:      layout_loops_corners, marbit_many_paths, minitemple, serial_shops,
          shop, serial_bayou, serial_bayou_pond_d, serial_bayou_lagoon_a,
          serial_bayou_shore_a, serial_bayou_pond_c, ebering_ghost_sewer_f,
          uniq_sigmund

Skill      XL: |  1  2  3  4  5  6 |
---------------+-------------------+-----
Unarmed Combat | 1 2 3 4 5 6 |  6.4
Fighting       | |  1.6
Throwing       | |  3.6
Dodging        | |  1.6
Stealth        | |  0.4

Action                   |  1- 3 |  4- 6 || total
-------------------------+-------+-------++-------
Melee: Unarmed           |    96 |   117 ||   213
       Punch             |       |     3 ||     3
Throw: Dart              |     4 |     5 ||     9
  Use: Scroll            |     7 |     2 ||     9
       Potion            |       |     1 ||     1
 Stab: Sleeping          |     1 |     2 ||     3
Armor: Robe              |    29 |    24 ||    53
Dodge: Dodged            |    56 |    41 ||    97

Table legend: (Time is in decaauts)
 A = Elapsed time spent in this place.
 B = Non-inter-level travel time spent in this place.
 C = Inter-level travel time spent in this place.
 D = Time resting spent in this place.
 E = Time spent auto-exploring this place.
 F = Levels seen in this place.
 G = Mean time per level.
                   A        B        C        D        E       F      G
               +--------+--------+--------+--------+--------+-----+--------+
         Total |   2833 |   2753 |     80 |      0 |   2247 |   4 |  708.2 |
       Dungeon |   2833 |   2753 |     80 |      0 |   2247 |   4 |  708.2 |
               +--------+--------+--------+--------+--------+-----+--------+

Top non-repeatable levels by time:
     D:3: 1003 daAuts
     D:1: 694 daAuts
     D:4: 568 daAuts
     D:2: 567 daAuts
